 Dungeon Sprint DCSS version 0.21.1-1-g345015f (webtiles) character file.

1 GreatBrownShark the Skirmisher (level 1, 0/20 HPs)
             Began as a Minotaur Berserker on June 7, 2018.
             Was a Follower of Trog.
             Slain by a water moccasin (8 damage)
             ... in the Dungeon (Sprint VII: "The Pits").
             The game lasted 00:01:48 (270 turns).

GreatBrownShark the Skirmisher (Minotaur Berserker)  Turns: 270, Time: 00:01:49

Health: 0/20       AC:  2    Str: 21    XL:     1   Next: 16%
Magic:  0/0        EV: 12    Int:  4    God:    Trog [*.....]
Gold:   0          SH:  0    Dex:  9    Spells: 0/0 levels left

rFire    . . .     SeeInvis .   j - +2 mace
rCold    . . .     Gourm    .   (no shield)
rNeg     . . .     Faith    .   b - +0 animal skin
rPois    .         Spirit   .   (helmet restricted)
rElec    .         Reflect  .   (no cloak)
rCorr    .         Harm     .   (no gloves)
MR       .....     NoTele   +   (no boots)
Stlth    +.........             (no amulet)
HPRegen  0.06/turn              (no ring)
MPRegen  0.07/turn              (no ring)

@: no status effects
A: retaliatory headbutt, horns 2
a: Berserk, Burn Spellbooks, Renounce Religion


You were in the Dungeon.
You worshipped Trog.
Trog was aware of your devotion.
You were not hungry.

You visited 1 branch

Inventory:

Hand Weapons
 j - a +2 mace (weapon)
Armour
 b - a +0 animal skin (worn)
Scrolls
 i - a scroll of blinking
 l - 3 scrolls of remove curse
 m - a scroll of summoning
Potions
 d - a potion of curing
 e - a potion of heal wounds
 f - a potion of haste
 h - 3 potions of berserk rage
 k - 2 potions of invisibility
Comestibles
 c - 9 rations


   Skills:
 + Level 4.0 Fighting
   Level 4.0 Axes
 + Level 2.5 Armour
 + Level 2.3 Dodging


You couldn't memorise any spells.
You didn't know any spells.

Dungeon Overview and Level Annotations

Branches:
Dungeon (1/1)

Altars:
Ashenzari
Cheibriados
Dithmenos
Elyvilon
Fedhas
Gozag
Hepliaklqana
Kikubaaqudgha
Makhleb
Nemelex Xobeh
Okawaru
Qazlal
Ru
Sif Muna
Trog
Uskayaw
Vehumet
Wu Jian
Xom
Yredelemnul
Zin
The Shining One
Beogh
Jiyva
Lugonu


Innate Abilities, Weirdness & Mutations

You reflexively headbutt those who attack you in melee.
You have a pair of horns on your head.


Message History

You open the door.
There is an open door here.
You open the door.
An orc, a white imp and a wight come into view.
An iguana, a water moccasin, an orc and an orc wizard come into view.
The water moccasin hisses angrily.
The orc wizard shouts!
The orc shouts!
The iguana hisses angrily.
The white imp gestures at you. The puff of frost misses you.
The orc moves out of view. 2 wights come into view.
There is an open door here.
The white imp sputters.
The white imp gestures at you. The puff of frost misses you.
The water moccasin bites you. The white imp spits at you.
You barely miss the water moccasin.
Your headbutt misses the water moccasin.
The water moccasin bites you! x2
You die...

#.?(.')))'.##.....
##########.##.....
#........!..'.....
#'#####+#####.....
#.# #..... #.#
####'# #.# #.....
#.# #..... #@#
#..... #S# #...<.
#5# #..... #z#
#..... #o# #.....
#z....S.# ######
#oz.#...# #o..# .#
#.##.


You could see a water moccasin, 3 wights, an orc wizard, a white imp and 2 orcs.

Vanquished Creatures
  A quokka (D)
1 creature vanquished.

Notes
Turn   | Place    | Note
-------+----------+-------------------------------------------
     0 | D        | GreatBrownShark the Minotaur Berserker began the quest for the Orb.
     0 | D        | Reached XP level 1. HP: 19/19 MP: 0/0
    87 | D        | Found a bloodstained altar of Trog.
    87 | D        | Found a deep blue altar of Sif Muna.
    87 | D        | Found a viscous altar of Jiyva.
    87 | D        | Found a hazy altar of Hepliaklqana.
    87 | D        | Found an opulent altar of Gozag.
    88 | D        | Found a glowing golden altar of the Shining One.
    88 | D        | Found a glowing silver altar of Zin.
    88 | D        | Found a basalt altar of Yredelemnul.
    88 | D        | Found a shimmering altar of Xom.
    88 | D        | Found an ornate altar of the Wu Jian Council.
    88 | D        | Found a sacrificial altar of Ru.
    88 | D        | Found a stormy altar of Qazlal.
    88 | D        | Found an iron altar of Okawaru.
    88 | D        | Found a sparkling altar of Nemelex Xobeh.
    88 | D        | Found a burning altar of Makhleb.
    88 | D        | Found a blossoming altar of Fedhas.
    88 | D        | Found a white marble altar of Elyvilon.
    88 | D        | Found a shadowy altar of Dithmenos.
    88 | D        | Found a snail-covered altar of Cheibriados.
    89 | D        | Found a radiant altar of Vehumet.
    89 | D        | Found a corrupted altar of Lugonu.
    89 | D        | Found a roughly hewn altar of Beogh.
    90 | D        | Found a hide-covered altar of Uskayaw.
    90 | D        | Found an ancient bone altar of Kikubaaqudgha.
    90 | D        | Found a shattered altar of Ashenzari.
   262 | D        | Noticed a wight
   263 | D        | Noticed a water moccasin
   263 | D        | Noticed an orc wizard
   263 | D        | Noticed an iguana
   264 | D        | Noticed a wight
   264 | D        | Noticed a wight
   270 | D        | Slain by a water moccasin

Skill      XL: |  1 |
---------------+----+-----
Fighting       | 4 |  4.0
Axes           | 4 |  4.0
Armour         | |  2.5
Dodging        | |  2.3

Action                   || total
-------------------------++-------
Melee: Mace              ||     1
       Hand axe          ||     1
Armor: Animal skin       ||     1
Dodge: Dodged            ||     3
